 Dungeon Crawl Stone Soup version 0.30.0-16-gbe6223bb7e (webtiles) character file.

Game seed: 8441758184226994393

114 NateTC the Trooper (level 4, -2/30 HPs)
             Began as a Gargoyle Fighter on May 21, 2023.
             Slain by a gnoll
             ... wielding a +1 flail of draining
              (7 damage)
             ... on level 3 of the Dungeon.
             The game lasted 00:03:02 (1533 turns).

NateTC the Trooper (Gargoyle Fighter)               Turns: 1533, Time: 00:03:03

Health: -2/30      AC: 14    Str: 20    XL:     4   Next: 98%
Magic:  4/4        EV:  7    Int:  8    God:
Gold:   115        SH:  5    Dex: 11    Spells: 3/3 levels left

rFire   . . .        a - +0 flail
rCold   . . .        c - +1 buckler
rNeg    + . .        i - +0 chain mail
rPois   ∞            (no helmet)
rElec   +            j - +0 cloak
rCorr   .            (no gloves)
SInv    .            (no boots)
Will    .....        (no amulet) Stlth
                     (no ring)
HPRegen 0.25/turn    (no ring)
MPRegen 0.09/turn

%: no passive effects
@: no status effects
A: sickness immunity, AC +3, negative energy resistance 1, electricity
resistance, torment resistance 1, petrification resistance
a: no special abilities


You were on level 3 of the Dungeon.
You visited 1 branch of the dungeon, and saw 3 of its levels.

You collected 115 gold pieces.

Inventory:

Hand Weapons
 a - a +0 flail (weapon)
Armour
 c - a +1 buckler (worn)
 i - a +0 chain mail (worn)
 j - a +0 cloak (worn)
Wands
 l - a wand of flame (11)
Scrolls
 m - a scroll of enchant weapon {unknown}
 n - a scroll of magic mapping {unknown}
 o - a scroll of fear {unknown}
 p - a scroll of teleportation
 q - 2 scrolls of fog {unknown}
Potions
 b - 3 potions of curing {unknown}
 d - a potion of might
 e - 2 potions of heal wounds {unknown}
 f - 2 potions of degeneration {unknown}
 g - 2 potions of brilliance {unknown}
 h - a potion of ambrosia {unknown}
 k - a potion of resistance {unknown}


   Skills:
 * Level 4.8 Fighting
 - Level 2.0 Maces & Flails
 + Level 4.1 Armour
 + Level 4.1 Shields


You had 3 spell levels left.
You didn't know any spells.
Your spell library was empty.

Dungeon Overview and Level Annotations

Branches:
Dungeon (3/15) Zot: 16414

Altars:
Hepliaklqana
Wu Jian


Innate Abilities, Weirdness & Mutations

You are immune to sickness and miasma.
Your stone body is resilient. (AC +3)
You are immune to poison.
You resist negative energy. (rN+)
You are resistant to electric shocks. (rElec)
You are resistant to unholy torment.
You are immune to petrification.


Message History

You are too injured to fight recklessly!
You are too injured to fight recklessly!
You are too injured to fight recklessly!
You are too injured to fight recklessly!
You are too injured to fight recklessly!
You are too injured to fight recklessly!
You are too injured to fight recklessly!
You are too injured to fight recklessly!
You are too injured to fight recklessly!
You are too injured to fight recklessly!
You are too injured to fight recklessly!
You are too injured to fight recklessly!
You are too injured to fight recklessly!
You are too injured to fight recklessly!
You are too injured to fight recklessly!
The gnoll attacks as you move away! The gnoll hits you with a +0 spear.
You block the gnoll's attack. The kobold attacks as you move away!
The kobold hits you but does no damage. The gnoll attacks as you move away!
The gnoll hits you but does no damage. You block the gnoll's attack.
You are too injured to fight recklessly!
You are too injured to fight recklessly!
You are too injured to fight recklessly!
You are too injured to fight recklessly!
You are too injured to fight recklessly!
You are too injured to fight recklessly!
You hit the gnoll.
The gnoll is lightly wounded.
The gnoll hits you with a +1 flail of draining!
* * * LOW HITPOINT WARNING * * *
You hit the gnoll.
The gnoll is moderately wounded.
The gnoll closely misses you. You block the gnoll's attack.
You barely miss the gnoll.
The gnoll is moderately wounded.
The gnoll barely misses you.
You hit the gnoll.
The gnoll is heavily wounded.
The gnoll hits you with a +1 flail of draining!
You die...

##.#####..#### #.####..P....
...?......#######....########
.........>. (.......# #P..#
.....!...# #....>.########
.......# #..............
######...w######.<...........
...............#.............
######...w####...............
........Kgg@................
........g####...............
##...##.## #..#......##....
..### #.# #.#####.########
... #.# .#.# #.# .. .#.#
#.#.# #.# #.#.#P..#.#P .#
#.#.#####.#. ......#.#


You could see 3 gnolls, a dart slug and a kobold.

Vanquished Creatures
  Terence (D:2)
  3 gnolls (D:2)
  An adder (D:3)
  A worm (D:2)
  2 dart slugs
  3 bats
  4 endoplasms
  6 goblins
  2 hobgoblins
  3 jackals (D:1)
  5 kobolds
  3 quokkas
  3 ball pythons
  2 frilled lizards
  5 rats
44 creatures vanquished.

Notes
Turn   | Place    | Note
-------+----------+-------------------------------------------
     0 | D:1      | NateTC the Gargoyle Fighter began the quest for the Orb.
     0 | D:1      | Reached XP level 1. HP: 14/14 MP: 1/1
   272 | D:1      | Reached XP level 2. HP: 6/19 MP: 2/2
   791 | D:2      | Reached XP level 3. HP: 24/24 MP: 3/3
   855 | D:2      | Noticed Terence
   869 | D:2      | Killed Terence
   989 | D:2      | Reached XP level 4. HP: 30/30 MP: 4/4
  1126 | D:2      | Found a faded altar of an unknown god.
  1337 | D:3      | Found a hazy altar of Hepliaklqana.
  1392 | D:3      | Found an ornate altar of the Wu Jian Council.
  1533 | D:3      | Slain by a gnoll

Illustrated notes

Levels and vault maps discovered:
D:1:      minmay_arrival_plants_in_alcoves, layout_basic,
          minmay_misc_feat_rugged
D:2:      layout_rooms, ebering_ecumenical_altar_rust, uniq_terence
D:3:      layout_rooms, okawaru_ov_weapons_minmay,
          nicolae_hepliaklqana_hippocampus, mainiacjoe_overflow_chevrons,
          serial_aquarium, aquarium_bridge_straight [aquarium_subvault_bridge,
          aquarium_subvault_window, aquarium_subvault_bridge,
          aquarium_subvault_window], aquarium_bridge_long_joined
          [aquarium_subvault_bridge, aquarium_subvault_wall,
          aquarium_subvault_wall, aquarium_subvault_bridge,
          aquarium_subvault_wall, aquarium_subvault_wall], aquarium_window_2,
          aquarium_window_fake, aquarium_view_2a

Skill      XL: |  1  2  3  4 |
---------------+-------------+-----
Fighting       | 4 |  4.8
Shields        | 4 |  4.1
Armour         | 4 |  4.1
Maces & Flails | |  2.0

Action                     |  1- 3 |  4- 6 || total
---------------------------+-------+-------++-------
  Melee: Flail             |    75 |    82 ||   157
    Use: Scroll            |     3 |       ||     3
 Armour: Scale mail        |    27 |       ||    27
         Chain mail        |    17 |    70 ||    87
  Dodge: Dodged            |    38 |    39 ||    77
  Block: Buckler           |    22 |    30 ||    52
